AoeStats
← Urg5665

Arabia

505492124Analyzed
1v1 RM · 23d ago on Sep 9, 2026· 45m 50s· 2 players
Game mode
Random Map
Map size
Tiny (2 player)
Population
200
Speed
Normal
Resources
Standard
Victory
Conquest
Starting age
Dark Age
Ending age
Imperial Age
RankedLock teamsTeams togetherTeam positionsShared explorationLock speedFull tech treeHidden civsTurbo modeCheats
Victory
Defeat
🇺🇸 Khmer · United States
1256
+21
🇦🇷 Persians · Argentina
1213
-14
patoniato
6:27 Loom
8:54 Feudal Age
10:33 Double-Bit Axe
16:20 Fletching
20:43 Castle Age
20:28 Padded Archer Armor
20:24 Gold Mining
20:56 Crossbowman
22:30 Bow Saw
27:46 Scale Barding Armor
27:38 Bodkin Arrow
27:52 Scale Barding Armor
28:49 Wheelbarrow
29:49 Bloodlines
32:52 Hand Cart
35:27 Chain Barding Armor
35:17 Forging
42:57 Imperial Age
43:15 Heavy Camel Rider
45:01 Gold Shaft Mining
46:18 Iron Casting
Urg5665
6:02 Loom
8:34 Feudal Age
9:13 Double-Bit Axe
14:19 Horse Collar
19:05 Castle Age
18:17 Bloodlines
19:18 Scale Barding Armor
22:13 Bow Saw
26:22 Chain Barding Armor
26:06 Heavy Plow
27:08 Gold Mining
27:47 Husbandry
29:44 Wheelbarrow
29:42 Town Watch
31:42 Hand Cart
33:44 Forging
35:11 Gold Shaft Mining
36:58 Fletching
40:17 Imperial Age
37:52 Bodkin Arrow
42:20 Plate Barding Armor
41:14 Cavalier
41:36 Heavy Scorpion
44:15 Iron Casting
44:31 Conscription
45:26 Stone Mining
47:03 Blast Furnace
46:06 Double Crossbow
Connection lost

Rejoining the realm…

Still unreachable

The connection could not be restored.

Session expired

The server has moved on; the page needs a fresh start.